 Dungeon Crawl Stone Soup version 0.28-a0-863-g8cecda6153 (webtiles) character file.

Game seed: 3990175324851834229

214 Zdeegee the Chiller (level 5, 0/28 HPs)
             Began as a Deep Elf Ice Elementalist on Nov 18, 2021.
             Killed by nerve-wracking pain
             ... invoked by Jessica
              (12 damage)
             ... on level 2 of the Dungeon.
             The game lasted 00:07:39 (1794 turns).

Zdeegee the Chiller (Deep Elf Ice Elementalist)     Turns: 1794, Time: 00:07:40

Health: 0/28       AC:  5    Str:  5    XL:     5   Next: 60%
Magic:  10/14      EV: 13    Int: 24    God:
Gold:   93         SH:  0    Dex: 15    Spells: 9/13 levels left

rFire   . . .      SeeInvis .   h - +0 short sword
rCold   . . .      Faith    .   (no shield)
rNeg    . . .      Spirit   .   o - +0 animal skin
rPois   .          Reflect  .   n - +0 helmet {Int+3}
rElec   .          Harm     .   (no cloak)
rCorr   .          Rampage  .   l - +1 pair of gloves
Will    .....                   (no boots)
Stlth   ++........              (no amulet)
HPRegen 0.09/turn               (no ring)
MPRegen 0.14/turn               (no ring)

@: no status effects
A: no striking features
a: no special abilities


You were on level 2 of the Dungeon.
You visited 1 branch of the dungeon, and saw 2 of its levels.

You collected 93 gold pieces.

Inventory:

Hand Weapons
 c - a +0 dagger
 h - a +0 short sword (weapon)
 m - a +4 club
 p - a +0 hunting sling
Missiles
 f - 79 stones
Armour
 a - a +0 robe
 l - a +1 pair of gloves (worn)
 n - a +0 helmet of intelligence (worn)
 o - a +0 animal skin (worn)
Wands
 k - a wand of iceblast (3)
Scrolls
 d - a scroll of enchant armour {unknown}
 e - a scroll of noise {unknown}
 g - a scroll of amnesia {unknown}
 i - a scroll of vulnerability {unknown}
 j - a scroll of acquirement {unknown}
 q - a scroll of teleportation {unknown}
 r - a scroll of identify {unknown}
Potions
 b - a potion of invisibility {unknown}


   Skills:
 * Level 0.7 Fighting
 + Level 0.3 Short Blades
 * Level 3.2 Dodging
 + Level 2.6 Stealth
 * Level 0.7 Shields
 * Level 4.8 Spellcasting
 * Level 1.3 Conjurations
 - Level 0.1 Hexes
 * Level 1.1 Fire Magic
 * Level 5.5 Ice Magic
 + Level 0.2 Evocations


You had 9 spell levels left.
You knew the following spells:

 Your Spells              Type           Power      Damage    Failure   Level
a - Freeze                Ice            100%       1d11      1%          1
b - Frozen Ramparts       Ice            64%        1d8       2%          3

Your spell library contained the following spells:

 Spells                   Type           Power      Damage    Failure   Level
 Ozocubu's Armour         Ice            32%        N/A       2%          3
 Conjure Flame            Conj/Fire      11%        6-21      16%         3
 Ignite Poison            Fire/Tmut/Pois 7%         N/A       22%         3
 Hailstorm                Conj/Ice       22%        3d7       22%         4
 Sticky Flame             Conj/Fire      11%        2d3       47%         4


Dungeon Overview and Level Annotations

Branches:
Dungeon (2/15)

Altars:

Shops:
D:1 *

Annotations:
D:2 Jessica


Message History

Casting: Freeze (safe; 1% risk of failure)
Confirm with . or Enter, or press ? or * to list all spells.
Casting: Frozen Ramparts (dangerous; 2% risk of failure)
Press: ? - help, Dir - look around, f - activate The walls around you are covered in ice.
The phantom resists.
The wall freezes the phantom.
The phantom barely misses you.
The phantom completely resists.
The wall freezes the phantom but does no damage.
The phantom barely misses you.
Your frozen ramparts will break if you move.
Continue?
Okay, then.
You hit the phantom but do no damage.
The phantom is heavily damaged.
The phantom completely resists.
The wall freezes the phantom but does no damage.
The phantom hits you.
The phantom blinks!
You blink.
The frozen ramparts melt away as you move.
The phantom hits you but does no damage.
Okay, then.
The phantom hits you.
* * * LOW HITPOINT WARNING * * *
Found a leather armour and a Grand Grimoire.
A bat comes into view.
Found 10 poisoned darts.
Aiming: Iceblast
Press: ? - help, Shift-Dir - straight line, f - phantom
Aim: a phantom (heavily damaged)
The mass of ice explodes!
The iceblast engulfs the phantom!
The phantom partially resists.
The phantom is almost destroyed.
Unknown command.
You see here a quokka corpse.
A ball python comes into view.
Jessica the Apprentice Sorceress comes into view.
She is wielding a +0 dagger.
Found 16 stones.
Jessica shouts!
Jessica gestures at you while chanting. Pain shoots through your body!
You die...

...................#.....#.......
######.#...#####...#.#..#..#....#
.......#...# #...#...#....##..#
############ #.###..#.....##..#
#.# #.#..#.......# #.#
#.............
###.#+#######....#.. #(@W...###
#.....#. #.#@.....# #.....#.
...+................. ###
#......########... #....### ###..
.....# #.... #..### #.... ...#
#.... ##+# #..)) ####)


You could see a phantom and Jessica.

Vanquished Creatures
  Sigmund (D:2)
  Robin (D:2)
  2 ball pythons (D:1)
  6 endoplasms (D:1)
  A giant cockroach (D:2)
  11 goblins
  5 hobgoblins
  3 quokkas
  2 bats (D:1)
  A frilled lizard (D:1)
  5 kobolds
  4 rats (D:1)
42 creatures vanquished.

Notes
Turn   | Place    | Note
-------+----------+-------------------------------------------
     0 | D:1      | Zdeegee the Deep Elf Ice Elementalist began the quest for
                  | the Orb.
     0 | D:1      | Reached XP level 1. HP: 10/10 MP: 6/6
   319 | D:1      | Reached XP level 2. HP: 15/15 MP: 6/8
   444 | D:1      | Found Uraitic's Assorted Antiques.
  1389 | D:1      | Reached XP level 3. HP: 19/19 MP: 8/10
  1444 | D:2      | Learned a level 3 spell: Frozen Ramparts
  1529 | D:2      | Noticed Robin
  1535 | D:2      | Killed Robin
  1536 | D:2      | Reached skill level 5 in Ice Magic
  1696 | D:2      | Noticed Sigmund
  1719 | D:2      | Killed Sigmund
  1720 | D:2      | Reached skill level 1 in Conjurations
  1720 | D:2      | Reached skill level 1 in Fire Magic
  1720 | D:2      | Reached XP level 4. HP: 14/24 MP: 10/12
  1720 | D:2      | Reached XP level 5. HP: 16/28 MP: 11/14
  1741 | D:2      | Noticed a phantom
  1791 | D:2      | Noticed Jessica
  1794 | D:2      | Killed from afar by Jessica

Illustrated notes

Levels and vault maps discovered:
D:1:      dpeg_arrival_renting, layout_basic, serial_shops, shop,
          minmay_tetromino_i4
D:2:      layout_basic, grunt_ministairs_8, hangedman_decor_opposing,
          uniq_jessica, uniq_sigmund, uniq_robin, uniq_terence

Skill      XL: |  1  2  3 |
---------------+----------+-----
Ice Magic      | 5 |  5.5
Spellcasting   | 4 |  4.8
Dodging        | 3 |  3.2
Conjurations   | 1 |  1.3
Fire Magic     | 1 |  1.1
Fighting       | |  0.7
Short Blades   | |  0.3
Stealth        | |  2.6
Shields        | |  0.7
Hexes          | |  0.1
Evocations     | |  0.2

Action                   |  1- 3 |  4- 6 || total
-------------------------+-------+-------++-------
Melee: Unarmed           |     2 |       ||     2
       Dagger            |     3 |       ||     3
       Short sword       |     7 |     2 ||     9
 Cast: Freeze            |    36 |     2 ||    38
       Frozen Ramparts   |     1 |     3 ||     4
Evoke: Wand              |     3 |     2 ||     5
Armor: Robe              |     6 |       ||     6
       Animal skin       |     1 |     1 ||     2
Dodge: Dodged            |    20 |     3 ||    23

Table legend: (Time is in decaauts)
 A = Elapsed time spent in this place.
 B = Non-inter-level travel time spent in this place.
 C = Inter-level travel time spent in this place.
 D = Time resting spent in this place.
 E = Time spent auto-exploring this place.
 F = Levels seen in this place.
 G = Mean time per level.
                   A        B        C        D        E       F      G
               +--------+--------+--------+--------+--------+-----+--------+
         Total |   1793 |   1747 |     46 |     11 |   1426 |   2 |  896.5 |
       Dungeon |   1793 |   1747 |     46 |     11 |   1426 |   2 |  896.5 |
               +--------+--------+--------+--------+--------+-----+--------+

Top non-repeatable levels by time:
     D:1: 1438 daAuts
     D:2: 355 daAuts
